 Dungeon Crawl Stone Soup version 0.27-a0-1084-g78b3836a5f (webtiles) character file.

Game seed: 11504086898113162580

580 freelancePsychic the Magician (level 7, -7/52 HPs)
             Began as a Djinni Fire Elementalist on Apr 27, 2021.
             Was a Believer of Nemelex Xobeh.
             Mangled by Duvessa
             ... wielding a +2 short sword of draining
              (23 damage)
             ... on level 4 of the Dungeon.
             The game lasted 00:12:59 (4457 turns).

freelancePsychic the Magician (DjFE)                Turns: 4457, Time: 00:12:59

Health: -7/52      AC:  3    Str:  7    XL:     7   Next: 36%
Gold:   104        EV: 12    Int: 19    God:    Nemelex Xobeh [**....] SH:  0 Dex: 13

rFire    + + .     SeeInvis .   g - +1 spear (vorpal)
rCold    x . .     Faith    .   (no shield)
rNeg     . . .     Spirit   .   a - +0 robe
rPois    ∞         Reflect  .   (no helmet)
rElec    .         Harm     .   c - +0 cloak
rCorr    .         Rampage  .   (no gloves)
Will     .....                  (boots unavailable)
Stlth    ++........             (no amulet)
HPRegen  0.17/turn              (no ring)
MPRegen  0.00/turn              (no ring)

@: flying, very slightly contaminated
A: fire resistance 2, cold vulnerability 1, float, innate caster, hp casting,
extra vitality 1
a: Renounce Religion, Draw Escape, Draw Destruction, Draw Summoning


You were on level 4 of the Dungeon.
You worshipped Nemelex Xobeh.
Nemelex Xobeh was pleased with you.
You visited 1 branch of the dungeon, and saw 4 of its levels.

You collected 104 gold pieces.

Inventory:

Hand Weapons
 e - a +0 short sword
 g - a +1 vorpal spear (weapon)
 i - a +0 trident
Missiles
 f - a throwing net
 o - 6 atropa-tipped darts
Armour
 a - a +0 robe (worn)
 c - a +0 cloak (worn)
Magical Staves
 b - a staff of death
Wands
 k - a wand of iceblast (9)
 q - a wand of mindburst (16)
Scrolls
 l - a scroll of brand weapon {unknown}
 m - 2 scrolls of identify {@r1}
 p - a scroll of teleportation {unknown}
 s - a scroll of enchant armour {unknown}
Potions
 d - a potion of degeneration
 h - 2 potions of curing {unknown}
 j - 2 potions of haste {unknown}
 n - a potion of ambrosia {unknown}
 r - a potion of resistance {unknown}


   Skills:
 + Level 4.1 Fighting
 - Level 2.3 Dodging
 - Level 1.7 Stealth
 + Level 4.5 Spellcasting
 + Level 4.1 Invocations


You couldn't memorise any spells.
You knew the following spells:

 Your Spells              Type           Power      Damage    Failure   Level
a - Foxfire               Conj/Fire      84%        2x1d8     1%          1
b - Sticky Flame          Conj/Fire      21%        2d4       21%         4
c - Inner Flame           Hex/Fire       21%        N/A       6%          3
d - Blink                 Tloc           N/A        N/A       3%          2
e - Fireball              Conj/Fire      10%        3d6       50%         5
f - Apportation           Tloc           42%        N/A       1%          1
g - Portal Projectile     Hex/Tloc       42%        N/A       6%          3
s - Conjure Flame         Conj/Fire      21%        6-21      6%          3
Your spell library was empty.

Dungeon Overview and Level Annotations

Branches:
Dungeon (4/15)
 Temple: D:4-7

Altars:
Nemelex Xobeh
Trog

Annotations:
D:4 Duvessa


Innate Abilities, Weirdness & Mutations

You are immune to poison.
Your flesh is very heat resistant. (rF++)
You are vulnerable to cold. (rC-)
You float through the air rather than walking.
You learn spells naturally, not from books.
Your magical power is your life essence.
You have superior vitality. (+4 HP)


Message History

Casting: Foxfire (safe; 1% risk of failure)
Confirm with . or Enter, or press ? or * to list all spells.
You blink.
The foxfire hits Duvessa but does no damage.
Duvessa is moderately wounded.
The foxfire hits Duvessa.
Duvessa is moderately wounded.
Duvessa is engulfed in blazing flames. x2
Duvessa rages.
Casting: Blink (safe; 3% risk of failure)
Confirm with . or Enter, or press ? or * to list all spells.
You blink.
You are too injured to fight recklessly!
Casting: Blink (safe; 3% risk of failure)
Confirm with . or Enter, or press ? or * to list all spells.
You conjure some foxfire!
Casting: Foxfire (safe; 1% risk of failure)
Confirm with . or Enter, or press ? or * to list all spells.
You miscast Foxfire.
You are very lightly contaminated with residual magic.
Nothing appears to happen.
The foxfire hits Duvessa but does no damage.
Duvessa is severely wounded.
The foxfire hits Duvessa but does no damage.
Duvessa is severely wounded.
Casting: Foxfire (safe; 1% risk of failure)
Confirm with . or Enter, or press ? or * to list all spells.
You conjure some foxfire!
The foxfire hits Duvessa!
Duvessa is almost dead.
The foxfire hits Duvessa.
Duvessa is almost dead.
Casting: Foxfire (safe; 1% risk of failure)
Confirm with . or Enter, or press ? or * to list all spells.
Okay, then.
Casting: Foxfire (safe; 1% risk of failure)
Confirm with . or Enter, or press ? or * to list all spells.
You conjure some foxfire!
Duvessa hits you with a +2 short sword of draining!!
You die...
Your body disappears without a glow.

..##+###+######......#....
#......#.... #......#....
##+##......#....
#########...#..)...#:...
............'...)..#....
............#......#....
.......v....#......#####
.......@e...#......#..##
.......v....#......#...#
###.###.....#......#...# #
#######.[....#...'
#......#...# #......'...#
#......#..## #......#####
#......# .


You could see Duvessa (berserk, ally target).

Vanquished Creatures
  An ogre (D:4)
  2 scorpions
  Dowan (D:4)
  2 hounds (D:4)
  An orc priest (D:3)
  Jessica (D:3)
  An orc wizard (D:3)
  2 adders (D:2)
  7 gnolls (D:3)
  2 worms
  3 dart slugs
  2 orcs (D:3)
  5 bats
  5 endoplasms
  4 giant cockroaches
  8 goblins
  9 hobgoblins
  9 jackals
  8 kobolds
  10 ball pythons
  3 frilled lizards
  4 rats
90 creatures vanquished.

Vanquished Creatures (others)
  338 foxfires
338 creatures vanquished.

Grand Total: 428 creatures vanquished

Notes
Turn   | Place    | Note
-------+----------+-------------------------------------------
     0 | D:1      | freelancePsychic the Djinni Fire Elementalist began the
                  | quest for the Orb.
     0 | D:1      | Reached XP level 1. HP: 15/15 MP: 0/0
   409 | D:1      | Reached XP level 2. HP: 17/21 MP: 0/0
   463 | D:1      | Found a faded altar of an unknown god.
   467 | D:1      | Became a worshipper of Nemelex Xobeh the Trickster
   467 | D:1      | Reached * piety under Nemelex Xobeh
   554 | D:1      | Received a gift from Nemelex Xobeh
  1032 | D:1      | Reached skill level 1 in Fighting
  1099 | D:1      | Reached XP level 3. HP: 25/27 MP: 0/0
  1099 | D:1      | Learned a level 1 spell: Apportation
  1554 | D:2      | Reached skill level 1 in Invocations
  1998 | D:2      | Reached XP level 4. HP: 32/33 MP: 0/0
  2266 | D:2      | Noticed a scorpion
  2281 | D:2      | Killed a scorpion
  2282 | D:2      | Reached XP level 5. HP: 2/38 MP: 0/0
  2282 | D:2      | Learned a level 2 spell: Blink
  2514 | D:2      | Reached ** piety under Nemelex Xobeh
  3104 | D:3      | Noticed Jessica
  3106 | D:3      | Killed Jessica
  3475 | D:3      | Reached XP level 6. HP: 37/46 MP: 0/0
  4032 | D:4      | Found a bloodstained altar of Trog.
  4247 | D:4      | Reached XP level 7. HP: 44/51 MP: 0/0
  4247 | D:4      | Learned a level 3 spell: Portal Projectile
  4440 | D:4      | Noticed Duvessa
  4440 | D:4      | Noticed Dowan
  4448 | D:4      | Killed Dowan
  4457 | D:4      | Mangled by Duvessa

Illustrated notes

Levels and vault maps discovered:
D:1:      dpeg_arrival_arbitrary_b, layout_loops_corners,
          basic_ecumenical_altar, kennysheep_decorative_pillar
D:2:      minmay_diamond_boxcup, layout_basic
D:3:      layout_basic, uniq_jessica
D:4:      layout_gridville, nicolae_overflow_crystal_walls, uniq_duvessa

Skill      XL: |  1  2  3  4  5  6  7 |
---------------+----------------------+-----
Spellcasting   | 3 4 |  4.5
Fighting       | 1 2 3 4 |  4.1
Invocations    | 1 2 3 4 |  4.1
Dodging        | |  2.3
Stealth        | |  1.7

Action                   |  1- 3 |  4- 6 |  7- 9 || total
-------------------------+-------+-------+-------++-------
Melee: Trident           |     2 |     1 |       ||     3
       Spear             |       |    13 |       ||    13
 Cast: Foxfire           |    81 |   116 |    15 ||   212
       Conjure Flame     |       |     1 |       ||     1
       Blink             |       |       |     2 ||     2
       Inner Flame       |       |       |     1 ||     1
Invok: Draw Destruction  |       |     2 |       ||     2
  Use: Scroll            |       |     3 |       ||     3
       Potion            |       |     1 |       ||     1
 Stab: Sleeping          |       |     2 |       ||     2
Armor: Robe              |     3 |     4 |       ||     7
Dodge: Dodged            |     5 |    16 |     1 ||    22

Table legend: (Time is in decaauts)
 A = Elapsed time spent in this place.
 B = Non-inter-level travel time spent in this place.
 C = Inter-level travel time spent in this place.
 D = Time resting spent in this place.
 E = Time spent auto-exploring this place.
 F = Levels seen in this place.
 G = Mean time per level.
                   A        B        C        D        E       F      G
               +--------+--------+--------+--------+--------+-----+--------+
         Total |   4455 |   4405 |     50 |    471 |   3377 |   4 | 1113.8 |
       Dungeon |   4455 |   4405 |     50 |    471 |   3377 |   4 | 1113.8 |
               +--------+--------+--------+--------+--------+-----+--------+

Top non-repeatable levels by time:
     D:1: 1549 daAuts
     D:2: 1217 daAuts
     D:3: 1206 daAuts
     D:4: 482 daAuts
